 Dungeon Crawl Stone Soup version 0.20.1-1-g8b1a95d (webtiles) character file.

1416 ANON1729 the Destroyer (level 8, -5/41 HPs)
             Began as a Tengu Conjurer on July 6, 2017.
             Was a Follower of Vehumet.
             Splashed by a jelly's acid (8 damage)
             ... on level 5 of the Dungeon.
             The game lasted 00:29:28 (6289 turns).

ANON1729 the Destroyer (Tengu Conjurer)             Turns: 6289, Time: 00:29:29

Health: -5/41      AC: -9    Str:  8    XL:     8   Next: 71%
Magic:  9/18       EV: 16    Int: 18    God:    Vehumet [*.....]
Gold:   462        SH:  0    Dex: 15    Spells: 11/19 levels left

rFire    . . .     SeeInvis .   n - +0 short sword
rCold    . . .     Gourm    .   (no shield)
rNeg     + . .     Faith    .   a - +0 robe
rPois    .         Spirit   .   (helmet restricted)
rElec    .         Reflect  .   (no cloak)
rCorr    .         Harm     .   t - +0 pair of gloves
MR       .....                  (boots unavailable)
Stlth    ++........             (no amulet)
Regen    0.2/turn               s - +3 ring of evasion
MPRegen  0.2/turn               A - ring of positive energy

@: corroded
A: beak, talons 3, able to fly 1
a: Fly, Renounce Religion


You were on level 5 of the Dungeon.
You worshipped Vehumet.
Vehumet was aware of your devotion.
You were hungry.

You visited 2 branches of the dungeon, and saw 7 of its levels.
You also visited: Ossuary.

You collected 475 gold pieces.
You spent 13 gold pieces at shops.

Inventory:

Hand Weapons
 n - a +0 short sword (weapon)
Missiles
 z - 18 bolts
Armour
 a - a +0 robe (worn)
 t - a +0 pair of gloves (worn)
Jewellery
 s - a +3 ring of evasion (left hand)
 A - a ring of positive energy (right hand)
Wands
 f - a wand of acid (8/15)
 H - a wand of paralysis (3/24)
Scrolls
 d - 3 scrolls of fog
 e - a scroll of fear {unknown}
 g - 2 scrolls of enchant armour {unknown}
 k - 3 scrolls of remove curse
 l - 2 scrolls of recharging {unknown}
 r - a scroll of blinking {unknown}
 w - 2 scrolls of immolation {unknown}
 x - a scroll of amnesia {unknown}
 y - a scroll of random uselessness {unknown}
 C - a scroll of holy word {unknown}
 F - a scroll of enchant weapon {unknown}
 I - a scroll of teleportation {unknown}
Potions
 h - 5 potions of flight
 i - 3 potions of ambrosia
 j - a potion of brilliance {unknown}
 m - 7 potions of curing
 p - a potion of might {unknown}
 u - 2 potions of invisibility
 v - a potion of degeneration {unknown}
 B - a potion of agility {unknown}
 D - a potion of lignification {unknown}
 E - a potion of magic {unknown}
Books
 b - a book of Conjurations

   Spells                             Type                      Level
   a - Magic Dart                     Conjuration                  1
   b - Searing Ray                    Conjuration                  2
   c - Dazzling Spray                 Conjuration/Hexes            3
   d - Fulminant Prism                Conjuration/Hexes            4
   e - Force Lance                    Conjuration/Translocation    4
   f - Iskenderun's Mystic Blast      Conjuration                  4
Comestibles
 c - 4 bread rations
 o - 2 meat rations
 q - 5 royal jellies


   Skills:
 + Level 2.9 Short Blades
 - Level 2.1 Dodging
 - Level 2.0 Stealth
 + Level 6.2 Spellcasting
 + Level 11.1 Conjurations


You had 11 spell levels left.
You knew the following spells:

 Your Spells              Type           Power        Failure   Level  Hunger
a - Magic Dart            Conj           ####         1%          1    None
b - Searing Ray           Conj           #####.       1%          2    None
c - Freeze                Ice            #...         12%         1    None
d - Fulminant Prism       Conj/Hex       ####......   12%         4    ####...


Dungeon Overview and Level Annotations

Branches:
Dungeon (6/15)             Temple (1/1) D:4

Altars:
Cheibriados
Dithmenos
Elyvilon
Fedhas
Gozag
Hepliaklqana
Kikubaaqudgha
Makhleb
Nemelex Xobeh
Okawaru
Qazlal
Ru
Sif Muna
Trog
Uskayaw
Vehumet
Xom
Yredelemnul
Zin

Shops:
D:4 [   D:5 ?


Innate Abilities, Weirdness & Mutations

You have a beak for a mouth.
You have claws for feet.
You can fly.


Message History

Your magical contamination has completely faded away.
There is a stone staircase leading down here.
Casting: Freeze
Confirm with . or Enter, or press ? or * to list all spells.
Aiming: Searing Ray
Press: ? - help, Shift-Dir - straight line, f - jelly
Aim: a jelly The searing ray hits the jelly.
The jelly is lightly wounded. (Press . to maintain the ray.)
The jelly hits you.
* * * LOW HITPOINT WARNING * * *
The acid corrodes you!
You are splashed with acid!
The acid burns!
* * * LOW HITPOINT WARNING * * *
The searing ray hits the jelly.
The jelly is heavily wounded.
The jelly hits you.
* * * LOW HITPOINT WARNING * * *
The acid corrodes you!
You are splashed with acid!
The acid burns!
You die...

..#.......# #.# ..#.......# #.#
..#.......##### #.#
..#...........####'######
########................# .#
#................# .#
#................#
)#######.........J...#########
.)).............@...##.......##
#.##..........#.#####.⌠##.##⌠.#
#+##......##.##.#...#.##...##.#
...#..).......#.#.###.#.⌠.⌠.#.#
.).#.......#..#.#.###.#..<..#.#
...........#........#.#.⌠.⌠.#.#
###........#..#.#.###.##...##.#
#........#..#..<..#.⌠#####⌠.#
##.......#.##..#####....÷..##


You could see a jelly.

Vanquished Creatures
  Sigmund (D:5)
  An ice beast (D:3)
  2 phantoms
  A bullfrog (D:6)
  A scorpion (D:5)
  A bullfrog zombie (D:6)
  A crimson imp (D:5)
  A quasit (D:5)
  A bullfrog skeleton (D:5)
  2 hounds (D:5)
  A jelly (D:5)
  3 orc wizards (D:5)
  2 orc priests
  A gnoll shaman (D:5)
  5 worker ants
  A big kobold zombie (Ossuary)
  8 mummies (Ossuary)
  8 gnolls (D:5)
  6 adders
  A shadow imp (D:5)
  An ooze (D:5)
  An adder skeleton (D:5)
  An adder zombie (D:6)
  3 worms (D:2)
  2 dart slugs (D:1)
  4 leopard geckos
  11 orcs
  4 giant cockroaches
  7 goblins
  3 hobgoblins
  17 jackals
  6 kobolds
  3 quokkas
  A ball python (D:3)
  7 bats
  8 frilled lizards
  3 hobgoblin zombies (Ossuary)
  2 kobold zombies (Ossuary)
  2 orc zombies (Ossuary)
  11 rats
145 creatures vanquished.

Vanquished Creatures (others)
  A giant cockroach (D:3)
  A fulminant prism (D:6)
2 creatures vanquished.

Grand Total: 147 creatures vanquished

Notes
Turn   | Place    | Note
-------+----------+-------------------------------------------
     0 | D:1      | ANON1729 the Tengu Conjurer began the quest for the Orb.
     0 | D:1      | Reached XP level 1. HP: 10/10 MP: 4/4
    58 | D:1      | Reached XP level 2. HP: 8/15 MP: 0/6
   276 | D:1      | Reached skill level 6 in Conjurations
   491 | D:1      | Reached XP level 3. HP: 19/19 MP: 4/7
   882 | D:1      | Learned a level 2 spell: Searing Ray
  1169 | D:2      | Reached skill level 7 in Conjurations
  1169 | D:2      | Reached XP level 4. HP: 24/24 MP: 0/8
  2000 | D:3      | Found a burning altar of Makhleb.
  2002 | D:3      | Found a glowing silver altar of Zin.
  2002 | D:3      | Noticed an angel
  2002 | D:3      | Noticed a green death
  2004 | D:3      | Noticed an ice beast
  2022 | D:3      | Killed an ice beast
  2022 | D:3      | Reached skill level 8 in Conjurations
  2022 | D:3      | Gained mutation: You can fly. [Tengu growth]
  2022 | D:3      | Reached XP level 5. HP: 28/28 MP: 5/10
  2246 | D:3      | Found a faded altar of an unknown god.
  2327 | D:3      | Found a radiant altar of Vehumet.
  2336 | D:3      | Became a worshipper of Vehumet
  2444 | D:4      | Reached XP level 6. HP: 32/32 MP: 9/12
  2499 | D:4      | Noticed a phantom
  2507 | D:4      | Killed a phantom
  2594 | D:4      | Reached skill level 1 in Short Blades
  2605 | D:4      | Found a shadowy altar of Dithmenos.
  2605 | D:4      | Found a shimmering altar of Xom.
  2611 | D:4      | Found a sparkling altar of Nemelex Xobeh.
  2612 | D:4      | Found a bloodstained altar of Trog.
  2732 | D:4      | Found a staircase to the Ecumenical Temple.
  2749 | Temple   | Entered the Ecumenical Temple
  3034 | D:4      | Found Duta's Antique Armour Boutique.
  3184 | D:5      | Entered Level 5 of the Dungeon
  3231 | D:5      | Reached skill level 9 in Conjurations
  3231 | D:5      | Reached XP level 7. HP: 36/36 MP: 1/14
  3337 | D:5      | Found Kessuej's Magic Scroll Emporium.
  3343 | D:5      | Bought a scroll of noise for 13 gold pieces
  3389 | D:5      | Noticed Sigmund
  4019 | D:5      | Reached skill level 5 in Spellcasting
  4182 | D:5      | Reached XP level 8. HP: 38/41 MP: 11/16
  4227 | D:5      | Reached skill level 10 in Conjurations
  4783 | D:5      | Killed Sigmund
  4988 | D:6      | Found a snail-covered altar of Cheibriados.
  4993 | D:6      | Reached * piety under Vehumet
  4993 | D:6      | Offered knowledge of Freeze by Vehumet.
  4998 | D:6      | Learned a level 1 spell: Freeze
  5017 | D:6      | Learned a level 4 spell: Fulminant Prism
  5083 | D:6      | Found a sand-covered staircase.
  5098 | Ossuary  | Entered an ossuary
  6084 | D:6      | Reached skill level 11 in Conjurations
  6253 | D:6      | Offered knowledge of Shock by Vehumet.
  6289 | D:5      | Splashed by a jelly's acid

Skill      XL: |  1  2  3  4  5  6  7  8 |
---------------+-------------------------+-----
Conjurations   | 6 7 8 9 11 | 11.1
Spellcasting   | 3 4 5 6 |  6.2
Short Blades   | 1 2 |  2.9
Dodging        | |  2.1
Stealth        | |  2.0

Action                   |  1- 3 |  4- 6 |  7- 9 || total
-------------------------+-------+-------+-------++-------
Melee: Unarmed           |    12 |       |       ||    12
       Kick              |     2 |     5 |     5 ||    12
       Peck              |     1 |       |     3 ||     4
       Short sword       |       |    23 |    46 ||    69
 Cast: Magic Dart        |    58 |    44 |   108 ||   210
       Searing Ray       |     1 |    15 |    30 ||    46
       Fulminant Prism   |       |       |     1 ||     1
  Use: Scroll            |       |       |     7 ||     7
       Potion            |       |       |     1 ||     1
  Eat: Chunk             |     2 |     7 |     9 ||    18
Armor: Robe              |     2 |     9 |    12 ||    23
Dodge: Dodged            |    14 |    37 |    70 ||   121
